 Dungeon Crawl Stone Soup version 0.30-a0-777-ga9a30cbeda (webtiles) character file.

Game seed: 13182547826402416664

29304 Flugslaktarn the Cleaver (level 13, -6/92 HPs)
             Began as an Octopode Fighter on Feb 13, 2023.
             Was the Champion of Okawaru.
             Mangled by Snorg (25 damage)
             ... on level 4 of the Lair of Beasts.
             The game lasted 00:07:26 (10997 turns).

Flugslaktarn the Cleaver (Octopode Fighter)        Turns: 10997, Time: 00:07:26

Health: -6/92      AC: 12    Str: 17    XL:     13   Next: 44%
Magic:  15/17      EV: 21    Int: 13    God:    Okawaru [******]
Gold:   629        SH: 14    Dex: 15    Spells: 12/12 levels left

rFire   + + .      SeeInvis +    a - +7 war axe of the Slime-mould {spect, rN+ rCorr}
rCold   + + .      Faith    .    H - +1 buckler of Wemit {rF+ rC+ Will+}
rNeg    + . .      Spirit   .    C - +3 hat of Generosity {Int+3}
rPois   .          Reflect  +    o - amulet of Fiahinapp {Reflect Rampage rElec rF+ Regen+ SH+5}
rElec   +          Harm     .    e - +4 ring of protection
rCorr   +          Rampage  +    p - +4 ring of protection
Will    ++...                    c - ring of protection from cold
Stlth   ++++                     m - ring of willpower
HPRegen 1.15/turn                k - ring of resist corrosion
MPRegen 0.15/turn                i - ring of see invisible
                                 (no ring)
                                 (no ring)

@: heroic
A: almost no armour, amphibious, 8 rings, camouflage 1, gelatinous body 1,
(nimble swimmer 1), tentacles
a: Renounce Religion, Heroism, Finesse, Duel


You were on level 4 of the Lair of Beasts.
You worshipped Okawaru.
Okawaru was exalted by your worship.
You visited 3 branches of the dungeon, and saw 16 of its levels.
You also visited: Sewer.

You collected 841 gold pieces.
You spent 212 gold pieces at shops.

Inventory:

Hand Weapons
 a - the +7 war axe of the Slime-mould (weapon) {spect, rN+ rCorr}
   (You bought it in a shop on level 5 of the Dungeon)

   rN:        It protects you from negative energy.
   rCorr:     It protects you from acid and corrosion.
 b - a +4 broad axe of flaming
   (Okawaru gifted it to you on level 1 of the Lair of Beasts)
Armour
 C - the +3 hat of Generosity (worn) {Int+3}
   (Okawaru gifted it to you on level 10 of the Dungeon)

   Int:       It affects your intelligence (+3).
 H - the +1 buckler of Wemit (worn) {rF+ rC+ Will+}
   (Okawaru gifted it to you on level 2 of the Lair of Beasts)

   rF:        It protects you from fire.
   rC:        It protects you from cold.
   Will:      It increases your willpower.
Jewellery
 c - a ring of protection from cold (on tentacle)
   (You found it on level 3 of the Dungeon)
 e - a +4 ring of protection (left tentacle)
   (You found it on level 2 of the Dungeon)
 i - a ring of see invisible (on tentacle)
   (You found it on level 10 of the Dungeon)
 k - a ring of resist corrosion (on tentacle)
   (You found it on level 10 of the Dungeon)
 m - a ring of willpower (on tentacle)
   (You found it on level 6 of the Dungeon)
 o - the amulet of Fiahinapp (around mantle) {Reflect Rampage rElec rF+ Regen+ SH+5}
   (You found it on level 3 of the Dungeon)

   [amulet of reflection]

   It reflects blocked missile attacks.
   rF:        It protects you from fire.
   rElec:     It insulates you from electricity.
   Regen:     It increases your rate of health regeneration.
   SH:        It affects your SH (+5).
   Rampage:   It bestows one free step when moving towards enemies.
 p - a +4 ring of protection (right tentacle)
   (You took it off a hobgoblin on level 2 of the Dungeon)
 F - a ring of wizardry
   (You found it on level 1 of the Dungeon)
Wands
 g - a wand of digging (4)
   (You found it on level 10 of the Dungeon)
 u - a wand of quicksilver (5)
   (You found it on level 3 of the Dungeon)
 G - a wand of mindburst (2)
   (You found it on level 1 of the Lair of Beasts)
Scrolls
 j - 3 scrolls of vulnerability
 l - 4 scrolls of magic mapping
 r - 5 scrolls of identify
 t - 3 scrolls of teleportation
 y - a scroll of fog
 D - a scroll of enchant weapon
 I - a scroll of noise {unknown}
 J - a scroll of torment {unknown}
 K - a scroll of fear
Potions
 d - 7 potions of might
 f - 3 potions of brilliance
 h - 2 potions of haste
 n - 2 potions of lignification
 q - 8 potions of curing
 s - 6 potions of cancellation
 v - 7 potions of flight
 w - 5 potions of heal wounds
 x - a potion of experience {unknown}
 z - a potion of berserk rage
 A - 2 potions of ambrosia
 E - a potion of magic {unknown}
Miscellaneous
 B - a piece from Xom's chessboard (15/15)
   (You found it on level 8 of the Dungeon)


   Skills:
 - Level 10.2(15.2) Fighting
 - Level 13.8(18.8) Axes
 - Level 10.2(15.2) Dodging
 - Level 10.2(15.2) Shields
 + Level 5.5 Invocations
 - Level 5.0 Evocations


You had 12 spell levels left.
You didn't know any spells.
Your spell library contained the following spells:

 Spells                   Type           Power      Damage    Failure   Level
 Stone Arrow              Conj/Erth      0%         3d7       71%         3
 Alistair's Intoxication  Tmut/Pois      0%         N/A       100%        5
 Borgnjor's Vile Clutch   Necr/Erth      0%         N/A       100%        5
 Eringya's Noxious Bog    Tmut/Pois      0%         N/A       100%        6
 Lehudib's Crystal Spear  Conj/Erth      0%         10d2      100%        8
 Animate Armour           Summ/Erth      Unusable   N/A       N/A         4

Dungeon Overview and Level Annotations

Branches:
Dungeon (11/15)            Temple (1/1) D:6            Lair (4/5) D:11
 Shoals (0/4) Lair:3       Spider (0/4) Lair:3        Sewer (visited)
  Slime: Lair:4-5       Orc: D:9-12

Altars:
Ashenzari
Cheibriados
Fedhas
Gozag
Hepliaklqana
Okawaru
Qazlal
Ru
Sif Muna
Trog
Uskayaw
Yredelemnul
Zin

Shops:
D:5 (   D:9 *

Annotations:
D:5 1 runed translucent door, Crazy Yiuf
D:7 2 transporters, zero's ghost, novice GrEE
Lair:2 2 runed translucent doors, soark's ghost, journeyman OpCj
Lair:4 Snorg


Innate Abilities, Weirdness & Mutations

You cannot wear most types of armour.
You are amphibious.
You can wear up to eight rings at the same time.
Your skin changes colour to match your surroundings (Stealth+).
Your rubbery body absorbs attacks. (AC +1, EV +1)
((You are camouflaged when in or above water. (Stealth+)))
You have tentacles for arms and can constrict up to eight enemies at once.


Message History

You slash the elephant!
You kill the elephant!
Okawaru accepts your kill.
Your Invocations skill increases to level 5!
No target in view!
No target in view!
No target in view!
No target in view!
No target in view!
No target in view!
No target in view!
Found a stone staircase leading down.
You see here an elephant corpse.
You see here the +5 battleaxe of Eternal Harmony {heavy, rC+ Int+2}.
Magic restored.
Found an escape hatch in the ceiling.
r - 5 scrolls of identify (gained 1)
You feel like a meek peon again.
J - a scroll labelled FAARHU YMMUS Urug the Orcish Ballista comes into view.
She is wielding a +0 double sword of holy wrath and quivering silver javelins.
Urug is nearby!
Urug is nearby!
Urug shouts!
You rampage towards Urug!
You hit Urug. You grab Urug.
Urug is lightly wounded.
Your +7 war axe of the Slime-mould {spect, rN+ rCorr} hits Urug!
Your +7 war axe of the Slime-mould {spect, rN+ rCorr} hits the fungus!
The fungus begins to die.
You constrict Urug. You block Urug's attack.
You slash Urug! You squeeze Urug.
Urug is heavily wounded.
Your +7 war axe of the Slime-mould {spect, rN+ rCorr} hits Urug!!
Your +7 war axe of the Slime-mould {spect, rN+ rCorr} hits the fungus!
You constrict Urug.
Urug misses your +7 war axe of the Slime-mould {spect, rN+ rCorr}.
You catch the helpless Urug completely off-guard!
You hit Urug.
Urug is almost dead.
Your +7 war axe of the Slime-mould {spect, rN+ rCorr} barely misses Urug.
Your +7 war axe of the Slime-mould {spect, rN+ rCorr} hits the fungus!
You constrict Urug. Urug barely misses you.
You slash Urug!
You kill Urug!
Okawaru accepts your kill.
No target in view!
No target in view!
No target in view!
A nearby fungus withers and dies.
Things that are here:
a +0 double sword of holy wrath; 7 silver javelins; a +0 scale mail
K - a scroll of fear Snorg the Insatiable comes into view.
Snorg is nearby!
Snorg is nearby!
You rampage towards Snorg!
You rampage towards Snorg!
You rampage towards Snorg!
A cane toad comes into view.
Found a stone staircase leading down.
Snorg shouts!
Snorg goes berserk!
You barely miss Snorg.
Your +7 war axe of the Slime-mould {spect, rN+ rCorr} hits Snorg!
Snorg bites you!! You block Snorg's attack. Snorg claws you.
The cane toad gives a loud, deep croak!
You slash Snorg! You squeeze Snorg!
Snorg is moderately wounded.
Your +7 war axe of the Slime-mould {spect, rN+ rCorr} hits Snorg!!
Snorg bites you!! Snorg barely misses you. Snorg misses you.
Your +7 war axe of the Slime-mould {spect, rN+ rCorr} completely misses the fungus.
Your +7 war axe of the Slime-mould {spect, rN+ rCorr} hits the cane toad!
You hit Snorg. Your squeeze misses Snorg.
Snorg is moderately wounded.
Your +7 war axe of the Slime-mould {spect, rN+ rCorr} misses Snorg.
You block Snorg's attack. x2; Snorg completely misses you.
You block Snorg's attack. Snorg completely misses you.
You block Snorg's attack.
You slash Snorg! You squeeze Snorg.
Snorg is heavily wounded.
Your +7 war axe of the Slime-mould {spect, rN+ rCorr} hits Snorg!!
Your +7 war axe of the Slime-mould {spect, rN+ rCorr} hits the cane toad.
The cane toad completely misses your +7 war axe of the Slime-mould {spect, rN+ rCorr}.
Snorg bites your +7 war axe of the Slime-mould {spect, rN+ rCorr}!!
Your spectral weapon shares its damage with you!
Your +7 war axe of the Slime-mould {spect, rN+ rCorr} fades away.
You are too injured to fight recklessly!
Unknown command.
Okay, then.
You gain the combat prowess of a mighty hero.
Snorg barely misses you. You block Snorg's attack. Snorg claws you!
* * * LOW HITPOINT WARNING * * *
The cane toad barely misses you. Snorg bites you.
* * * LOW HITPOINT WARNING * * *
Snorg claws you but does no damage. Snorg barely misses you.
You completely miss Snorg. Your squeeze misses Snorg.
Snorg is severely wounded.
You hit the cane toad.
Your +7 war axe of the Slime-mould {spect, rN+ rCorr} hits the cane toad!
Your +7 war axe of the Slime-mould {spect, rN+ rCorr} hits the fungus!
The fungus begins to die.
Snorg bites you!!
You die...

##...#.............
#....##.)..........
###............>....
#....#P#..####....#.
##...###### ##....#
##.....# ###..#
#P..#.## ##...
#.(...# .....
##@F.## ..... #T..#
#.P## #.....> #
#P..P.... #
#...###.# ##
#....#### ....
#......# .....
##..##.######.###.
##......#.#....###


You could see Snorg (berserk), a cane toad and a friendly +7 war axe of the
Slime-mould {spect, rN+ rCorr} (summoned).

Vanquished Creatures
  2 hydras (Lair:3)
  Erica (Lair:2)
  2 boulder beetles
  3 two-headed ogres (D:11)
  Urug (Lair:4)
  Pikel (D:5)
  An ugly thing (D:8)
  2 cyclopes (D:11)
  22 elephants
  2 black mambas
  A gargoyle (D:11)
  4 kobold demonologists
  2 cane toads (Lair:3)
  2 rime drakes
  A troll (D:10)
  2 hornets
  8 blink frogs
  3 culicivoras (Lair:3)
  Sigmund (D:2)
  A shadow (D:10)
  3 wraiths
  3 wyverns
  13 yaks
  2 steam dragons
  4 basilisks
  A vampire mosquito (D:8)
  3 wargs (D:11)
  3 acid dragons
  Duvessa (D:6)
  7 water moccasins
  An orc warrior (D:7)
  2 black bears
  A sky beast (D:7)
  2 ice beasts (D:8)
  2 centaurs (D:8)
  A lemure (D:5)
  A phantom (D:5)
  5 kobold brigands
  2 necrophages
  14 bullfrogs
  A gnoll sergeant (D:9)
  3 scorpions (D:7)
  Dowan (D:6)
  3 killer bees (D:9)
  6 howler monkeys
  2 electric eels (Lair:1)
  3 jellies
  6 orc priests
  4 hounds
  A gnoll bouda (D:8)
  7 iguanas
  12 orc wizards
  3 gnolls (D:9)
  2 river rats (Sewer)
  2 adders
  2 shadow imps (D:6)
  A white imp (D:7)
  2 ufetubi
  2 worms
  3 dart slugs
  30 orcs
  3 endoplasms
  7 giant cockroaches
  5 hobgoblins
  6 jackals
  17 kobolds
  7 quokkas
  4 ball pythons
  4 bats
  5 rats
287 creatures vanquished.

Vanquished Creatures (others)
  A bush (Lair:4)
  9 fungi
  8 plants
18 creatures vanquished.

Grand Total: 305 creatures vanquished

Notes
Turn   | Place    | Note
-------+----------+-------------------------------------------
     0 | D:1      | Flugslaktarn the Octopode Fighter began the quest for the
                  | Orb.
     0 | D:1      | Reached XP level 1. HP: 16/16 MP: 1/1
    90 | D:1      | Reached XP level 2. HP: 19/21 MP: 2/2
   789 | D:2      | Reached XP level 3. HP: 26/26 MP: 3/3
  1235 | D:2      | Noticed Sigmund
  1247 | D:2      | Killed Sigmund
  1248 | D:2      | Reached skill level 4 in Axes
  1248 | D:2      | Reached XP level 4. HP: 10/33 MP: 4/4
  1248 | D:2      | Reached XP level 5. HP: 12/37 MP: 5/5
  1557 | D:2      | Found a faded altar of an unknown god.
  1557 | D:2      | Noticed a chaos spawn
  1861 | D:3      | Identified the amulet of Fiahinapp {Reflect Rampage rElec
                  | rF+ Regen+ SH+5}
  1944 | D:3      | Reached XP level 6. HP: 36/43 MP: 6/6
  2590 | D:4      | Found a glowing drain.
  2606 | Sewer    | Entered a sewer
  2655 | Sewer    | Reached skill level 1 in Evocations
  2672 | Sewer    | Found a white marble altar of Elyvilon.
  2916 | D:4      | Reached XP level 7. HP: 48/48 MP: 7/7
  2957 | D:4      | Found a blossoming altar of Fedhas.
  2958 | D:4      | Found a hide-covered altar of Uskayaw.
  2958 | D:4      | Found a bloodstained altar of Trog.
  2958 | D:4      | Found an iron altar of Okawaru.
  2967 | D:4      | Became a worshipper of Warmaster Okawaru
  3244 | D:4      | Found a broken altar of Ashenzari.
  3252 | D:4      | Found a snail-covered altar of Cheibriados.
  3458 | D:4      | Reached skill level 5 in Axes
  3547 | D:5      | Entered Level 5 of the Dungeon
  3702 | D:5      | Found a runed translucent door.
  3703 | D:5      | Noticed Crazy Yiuf
  3731 | D:5      | Found Wairrir's Antique Weapon Boutique.
  3872 | D:5      | Reached * piety under Okawaru
  4272 | D:5      | Reached XP level 8. HP: 52/54 MP: 8/8
  4512 | D:6      | Noticed Pikel
  4512 | D:6      | Found a staircase to the Ecumenical Temple.
  4536 | D:5      | Killed Pikel
  4537 | D:5      | Reached skill level 5 in Fighting
  4537 | D:5      | Reached skill level 6 in Axes
  4537 | D:5      | Reached skill level 5 in Dodging
  4537 | D:5      | Reached skill level 5 in Shields
  4679 | Temple   | Entered the Ecumenical Temple
  4739 | D:5      | Bought a glimmering war axe for 212 gold pieces
  4739 | D:5      | Identified the +7 war axe of the Slime-mould {spect, rN+
                  | rCorr} (You bought it in a shop on level 5 of the Dungeon)
  4831 | D:6      | Reached ** piety under Okawaru
  4919 | D:6      | Reached skill level 7 in Axes
  4919 | D:6      | Reached XP level 9. HP: 61/61 MP: 9/9
  5031 | D:6      | Noticed Duvessa
  5035 | D:6      | Noticed Dowan
  5038 | D:6      | Killed Duvessa
  5042 | D:6      | Killed Dowan
  5536 | D:7      | Found a transporter.
  5539 | D:7      | Found a transporter.
  5540 | D:7      | Noticed zero's ghost (novice GrEE)
  5594 | D:7      | Reached *** piety under Okawaru
  5721 | D:7      | Reached skill level 8 in Axes
  5721 | D:7      | Reached skill level 5 in Evocations
  5941 | D:8      | Noticed a boulder beetle
  5947 | D:8      | Noticed a brown ugly thing
  6086 | D:8      | Reached XP level 10. HP: 69/69 MP: 10/10
  6211 | D:7      | Reached **** piety under Okawaru
  6324 | D:8      | Reached skill level 9 in Axes
  6359 | D:8      | Killed a boulder beetle
  6758 | D:8      | Killed a brown ugly thing
  6758 | D:8      | Reached ***** piety under Okawaru
  6929 | D:9      | Reached skill level 10 in Axes
  6935 | D:9      | Found an opulent altar of Gozag.
  6936 | D:9      | Found Gozag's Platinum Reserve.
  7100 | D:9      | Noticed a kobold demonologist
  7105 | D:9      | Killed a kobold demonologist
  7292 | D:9      | Reached XP level 11. HP: 76/76 MP: 11/11
  7359 | D:10     | Entered Level 10 of the Dungeon
  7502 | D:10     | Identified the +3 hat of Generosity {Int+3} (Okawaru gifted
                  | it to you on level 10 of the Dungeon)
  7502 | D:10     | Received a gift from Okawaru
  7715 | D:10     | Reached skill level 11 in Axes
  7933 | D:10     | Found a basalt altar of Yredelemnul.
  8055 | D:11     | Noticed a two-headed ogre
  8059 | D:11     | Killed a two-headed ogre
  8083 | D:11     | Noticed a cyclops
  8083 | D:11     | Noticed a cyclops
  8083 | D:11     | Noticed a two-headed ogre
  8086 | D:11     | Found a glowing silver altar of Zin.
  8088 | D:11     | Killed a cyclops
  8090 | D:11     | Killed a cyclops
  8093 | D:11     | Killed a two-headed ogre
  8156 | D:11     | Noticed a sun demon
  8161 | D:11     | Reached ****** piety under Okawaru
  8195 | D:11     | Found a staircase to the Lair.
  8411 | D:11     | Noticed a two-headed ogre
  8413 | D:11     | Noticed a brown ugly thing
  8413 | D:11     | Noticed a cyclops
  8414 | D:11     | Found a stormy altar of Qazlal.
  8414 | D:11     | Noticed a boulder beetle
  8417 | D:11     | Killed a two-headed ogre
  8439 | Lair:1   | Entered Level 1 of the Lair of Beasts
  8471 | Lair:1   | Reached XP level 12. HP: 84/84 MP: 12/12
  8484 | Lair:1   | Reached skill level 12 in Axes
  8540 | Lair:1   | Received a gift from Okawaru
  9623 | Lair:2   | Reached skill level 13 in Axes
  9679 | Lair:2   | Noticed Erica
  9685 | Lair:2   | Killed Erica
  9685 | Lair:2   | Identified the +1 buckler of Wemit {rF+ rC+ Will+} (Okawaru
                  | gifted it to you on level 2 of the Lair of Beasts)
  9685 | Lair:2   | Received a gift from Okawaru
  9715 | Lair:2   | Found a large runed translucent door.
  9715 | Lair:2   | Found a large runed translucent door.
 10111 | Lair:2   | Noticed soark's ghost (journeyman OpCj)
 10197 | Lair:3   | Found a staircase to the Shoals.
 10221 | Lair:3   | Reached skill level 10 in Fighting
 10221 | Lair:3   | Reached skill level 10 in Dodging
 10221 | Lair:3   | Reached XP level 13. HP: 79/92 MP: 13/13
 10222 | Lair:3   | Reached skill level 10 in Shields
 10375 | Lair:3   | Found a hole to the Spider Nest.
 10441 | Lair:3   | Reached skill level 1 in Invocations
 10810 | Lair:4   | Found the +9 sword of Zonguldrok {reap}
 10914 | Lair:4   | Identified the +5 battleaxe of Eternal Harmony {heavy, rC+
                  | Int+2} (Okawaru gifted it to you on level 4 of the Lair of
                  | Beasts)
 10914 | Lair:4   | Received a gift from Okawaru
 10920 | Lair:4   | Reached skill level 5 in Invocations
 10956 | Lair:4   | Noticed Urug
 10964 | Lair:4   | Killed Urug
 10988 | Lair:4   | Noticed Snorg
 10997 | Lair:4   | Mangled by Snorg

Illustrated notes

Levels and vault maps discovered:
D:1:      ncdulo_halloftheorcs, layout_loops_ring
D:2:      layout_loops_corners, dreamdust_ecumenical_altar_sealed_demon,
          serial_bayou_pond_e, minmay_tripent, uniq_sigmund
D:3:      layout_loops_corners
D:4:      dreamdust_elfheim, layout_rooms,
          chequers_temple_overflow_statue_of_worship,
          mainiacjoe_overflow_big_doors, gup_sewer_entry_pipe,
          chequers_mini_garden
D:5:      layout_loops_corners, serial_shops, nicolae_stop_n_shop_1,
          minmay_misc_feat_hallway, uniq_crazy_yiuf_cottage
D:6:      layout_loops_ring, minmay_temple_entry_overgrown,
          kennysheep_generic_room_9, uniq_pikel, uniq_duvessa
D:7:      layout_loops_cross, gammafunk_ghost_arena,
          minmay_fractal_squares_gapless_5
D:8:      layout_rooms, minmay_pinched_square
D:9:      layout_long_grid, nicolae_gozag_zags_fifth_avenue, blue_anna_alchemist
D:10:     layout_gridville, mainiacjoe_overflow_chevrons, eino_tiny_chamber
D:11:     layout_roguey, erik_lair_orcish_takeover, gammafunk_ghost_necromancy,
          small_statue_alley_a, hangedman_feature_mirror
Temple:   compressed_dpeg_circular_temple
Lair:1:   layout_cave_pods, nicolae_quartered_pool_super, lemuel_fruit_tree
Lair:2:   layout_regular_city, ebering_ghost_disaster_area, lemuel_fruit_fields,
          uniq_erica
Lair:3:   layout_hall_layers, shoals_dummy_entry,
          hellmonk_spider_entry_life_and_decay
Lair:4:   layout_loops_ring, grunt_forest_small_clearings, uniq_snorg, uniq_urug

Skill      XL: |  1  2  3  4  5  6  7  8  9 10 11 12 13 |
---------------+----------------------------------------+-----
Axes           | 4 5 7 8 10 11 13 | 13.8
Fighting       | 4 5 6 7 8 10 | 10.2
Dodging        | 4 5 6 7 8 10 | 10.2
Shields        | 4 5 6 7 8 9 10 | 10.2
Evocations     | 1 2 3 5 |  5.0
Invocations    | 5 |  5.5

Action                     |  1- 3 |  4- 6 |  7- 9 | 10-12 | 13-15 || total
---------------------------+-------+-------+-------+-------+-------++-------
  Melee: War axe           |    51 |    83 |   154 |   231 |    55 ||   574
         Tentacles         |     7 |    23 |    43 |    62 |    22 ||   157
         Constrict         |    11 |    21 |    33 |    37 |     9 ||   111
         Punch             |     2 |     1 |     5 |     5 |     1 ||    14
         Broad axe         |       |       |       |       |    13 ||    13
 Invoke: Heroism           |       |       |       |     1 |     2 ||     3
  Evoke: Wand              |       |       |       |     2 |       ||     2
         Piece from Xom's  |       |       |       |     1 |       ||     1
    Use: Potion            |     5 |       |     1 |       |       ||     6
         Scroll            |       |       |    13 |     4 |       ||    17
   Stab: Sleeping          |     6 |     3 |    10 |     4 |     4 ||    27
         Distracted        |       |       |     2 |     7 |     2 ||    11
 Armour: Skin              |    10 |    34 |    39 |    59 |    22 ||   164
  Dodge: Dodged            |    25 |    34 |    65 |   124 |    34 ||   282
  Block: Buckler           |     9 |    23 |    45 |   117 |    39 ||   233
         Reflection        |       |     1 |     1 |     5 |       ||     7

Table legend: (Time is in decaauts)
 A = Elapsed time spent in this place.
 B = Non-inter-level travel time spent in this place.
 C = Inter-level travel time spent in this place.
 D = Time resting spent in this place.
 E = Time spent auto-exploring this place.
 F = Levels seen in this place.
 G = Mean time per level.
                   A        B        C        D        E       F      G
               +--------+--------+--------+--------+--------+-----+--------+
         Total |  11080 |  10684 |    396 |   1138 |   7781 |  17 |  651.8 |
       Dungeon |   8390 |   8066 |    324 |   1066 |   5682 |  11 |  762.7 |
        Temple |      1 |      1 |      0 |      0 |      0 |   1 |    1.0 |
          Lair |   2536 |   2464 |     72 |     72 |   1992 |   4 |  634.0 |
         Sewer |    151 |    151 |      0 |      0 |    107 |   1 |  151.0 |
               +--------+--------+--------+--------+--------+-----+--------+

Top non-repeatable levels by time:
     D:5: 1040 daAuts
     D:2: 1023 daAuts
     D:4: 919 daAuts
     D:3: 914 daAuts
  Lair:1: 908 daAuts
     D:8: 818 daAuts
  Lair:2: 792 daAuts
     D:1: 705 daAuts
     D:7: 701 daAuts
    D:10: 661 daAuts
     D:6: 629 daAuts
  Lair:3: 620 daAuts
     D:9: 559 daAuts
    D:11: 416 daAuts
  Lair:4: 215 daAuts
